AoeStats
← с упругой

Nomad

503350690Analyzed
4v4 RM · 1mo ago on Aug 31, 2026· 49m 54s· 8 players
Game mode
Random Map
Map size
231×231
Population
200
Speed
Normal
Resources
Standard
Victory
Conquest
Starting age
Dark Age
Ending age
Imperial Age
RankedLock teamsTeams togetherTeam positionsShared explorationLock speedFull tech treeHidden civsTurbo modeCheats
Victory
Defeat
🇨🇳 Dravidians · China
1594
+13
🇲🇽 Malians · Mexico
1563
+14
🇳🇿 Muisca · New Zealand
1557
+14
🇪🇸 Franks · Spain
1553
+15
🇳🇱 Burmese · Netherlands
1552
-15
🇩🇪 Mongols · Germany
1546
-15
🇧🇪 Wei · Belgium
1501
-13
🇷🇺 Maya · Russia
1493
-13
VX | Oblígame Perro!
4:03 Loom
14:18 Feudal Age
14:49 Fishing Lines
18:29 Castle Age
17:11 Stone Mining
17:46 Double-Bit Axe
19:51 Bow Saw
21:39 Wheelbarrow
23:54 Fletching
23:57 Town Watch
26:44 Gillnets
27:29 Forging
27:52 Gold Mining
28:39 Scale Mail Armor
31:43 Chain Mail Armor
32:54 Hand Cart
33:42 Iron Casting
33:31 Medium Warships
36:30 Medium Warships
39:37 Imperial Age
37:11 Bodkin Arrow
37:17 Padded Archer Armor
38:52 Gold Shaft Mining
41:58 Conscription
41:32 Elite Gbeto
44:16 Plate Mail Armor
43:40 Onager
45:24 Leather Archer Armor
45:12 Tigui
47:42 Ring Archer Armor
47:30 Farimba
47:36 Scale Barding Armor
49:01 Bloodlines
48:51 Husbandry
50:36 Chain Barding Armor
50:18 Husbandry
49:39 Cavalier
mmmbokchoi
10:59 Loom
13:43 Feudal Age
17:59 Castle Age
16:07 Double-Bit Axe
16:58 Gold Mining
17:08 Fishing Lines
22:20 Wheelbarrow
21:35 Town Watch
22:11 Bow Saw
23:32 Medium Warships
23:49 Fletching
27:15 Horse Collar
28:09 Bodkin Arrow
29:58 Hand Cart
34:15 Imperial Age
32:42 Padded Archer Armor
34:03 Scale Mail Armor
34:15 Forging
34:49 Squires
35:21 Chain Mail Armor
34:47 Elite Temple Guard
38:16 Gold Shaft Mining
37:42 Heavy Plow
42:04 Conscription
43:45 Plate Mail Armor
48:56 Siege Engineers
49:52 Chemistry
50:14 Ballistics
49:35 Treadmill Crane
Pelopincho
3:54 Loom
15:12 Feudal Age
16:24 Town Watch
19:08 Castle Age
17:39 Double-Bit Axe
20:44 Bow Saw
21:49 Gold Mining
22:23 Town Watch
25:01 Stone Mining
25:36 Fletching
31:48 Bodkin Arrow
39:32 Imperial Age
44:50 Wheelbarrow
48:00 Husbandry
49:06 Gold Shaft Mining
Butterfly
6:22 Loom
14:30 Feudal Age
18:15 Castle Age
16:19 Double-Bit Axe
18:19 Fletching
19:02 Bodkin Arrow
22:27 Wheelbarrow
22:33 Bow Saw
29:04 Ballistics
31:03 Padded Archer Armor
34:07 Fishing Lines
36:48 Crossbowman
40:16 Imperial Age
38:09 Hand Cart
38:31 Thumb Ring
38:25 Horse Collar
39:04 Medical Corps
39:41 Husbandry
40:51 Leather Archer Armor
41:02 Bracer
42:19 Chemistry
42:40 Leather Archer Armor
44:03 Ring Archer Armor
42:58 Elite Elephant Archer
44:29 Conscription
47:37 Scale Barding Armor
47:43 Forging
49:06 Chain Barding Armor
48:33 Light Cavalry
50:28 Iron Casting
Mr Bowll
5:35 Loom
13:52 Feudal Age
18:10 Castle Age
29:05 Fletching
31:34 Scale Barding Armor
33:56 Bloodlines
33:46 Husbandry
34:00 Padded Archer Armor
fadeaway
5:56 Loom
14:33 Feudal Age
16:00 Double-Bit Axe
18:51 Castle Age
29:34 Horse Collar
31:52 Bow Saw
с упругой
4:02 Loom
14:09 Feudal Age
18:59 Castle Age
16:45 Double-Bit Axe
16:53 Fletching
17:37 Padded Archer Armor
19:13 Wheelbarrow
19:59 Bow Saw
20:06 Bodkin Arrow
21:49 Ballistics
25:21 Town Watch
26:32 Fishing Lines
31:40 Gillnets
37:15 Imperial Age
36:41 Leather Archer Armor
36:50 Gold Mining
36:50 Stone Mining
38:07 Bracer
39:56 Chemistry
39:05 Thumb Ring
40:10 Ring Archer Armor
42:27 Onager
43:16 Elite Skirmisher
47:31 Hul'che Javelineers
bullseyes
13:42 Feudal Age
11:59 Loom
15:02 Town Watch
15:25 Double-Bit Axe
17:54 Castle Age
15:49 Fishing Lines
16:17 Horse Collar
17:04 Fletching
17:38 Gold Mining
19:00 Fletching
20:31 Medium Warships
32:08 Wheelbarrow
32:59 Bow Saw
36:36 Imperial Age
35:15 Scale Barding Armor
38:36 Bloodlines
38:26 Husbandry
39:02 Chain Barding Armor
39:38 Bodkin Arrow
39:57 Forging
40:37 Conscription
41:24 Iron Casting
42:25 Bodkin Arrow
43:31 Blast Furnace
44:00 Devotion
45:37 Blast Furnace
47:02 Bracer
48:51 Chemistry
48:12 Ballistics
Connection lost

Rejoining the realm…

Still unreachable

The connection could not be restored.

Session expired

The server has moved on; the page needs a fresh start.